[Event "ICC tourney 1983 (45 10)"]
[Site "Internet Chess Club"]
[Date "2020.08.29"]
[Round "1"]
[White "whyyoutrysohard"]
[Black "tcao"]
[Result "0-1"]
[ICCResult "White resigns"]
[WhiteElo "1608"]
[BlackElo "1862"]
[Opening "QGD: Tarrasch, Prague variation"]
[ECO "D33"]
[NIC "TD.11"]
[Time "11:02:34"]
[TimeControl "2700+10"]

1. d4 e6 2. c4 d5 3. Nf3 c5 4. cxd5 exd5 5. Nc3 Nf6 6. g3 Nc6 7. Bg2 Be6 8.
O-O Be7 9. dxc5 Bxc5 10. b3 O-O 11. Bb2 Rc8 12. Rc1 Re8 13. Nxd5 Bxf2+ 14.
Rxf2 Nxd5 15. e4 Ndb4 16. Rd2 Qb6+ {White resigns} 0-1

[Event "ICC tourney 1983 (45 10)"]
[Site "Internet Chess Club"]
[Date "2020.08.29"]
[Round "1"]
[White "wangfang75"]
[Black "Natey"]
[Result "1-0"]
[ICCResult "Black checkmated"]
[WhiteElo "1896"]
[BlackElo "1654"]
[Opening "Ruy Lopez: Morphy defense"]
[ECO "C77"]
[NIC "RL.12"]
[Time "11:02:37"]
[TimeControl "2700+10"]

1. e4 e5 2. Nf3 Nc6 3. Bb5 a6 4. Ba4 Nf6 5. c3 b5 6. Bc2 Be7 7. O-O O-O 8.
d4 d6 9. a4 Bb7 10. d5 Na5 11. Re1 c6 12. axb5 axb5 13. dxc6 Nxc6 14. Rxa8
Qxa8 15. Bg5 h6 16. Bxf6 Bxf6 17. Qxd6 Rd8 18. Qa3 Na5 19. Nbd2 Rd7 20. Ra1
Bd8 21. b4 Bg5 22. Nf1 Bxe4 23. Bxe4 Qxe4 24. Nxg5 hxg5 25. Qxa5 Qc4 26.
Qa8+ Kh7 27. Qf3 Rd3 28. Qh5+ Kg8 29. Ra8+ Qc8 30. Rxc8+ Rd8 31. Rxd8#
{Black checkmated}
1-0

[Event "ICC tourney 1983 (45 10)"]
[Site "Internet Chess Club"]
[Date "2020.08.29"]
[Round "1"]
[White "HarleyQueen8"]
[Black "michaelxiao"]
[Result "1-0"]
[ICCResult "Black checkmated"]
[WhiteElo "1724"]
[BlackElo "1359"]
[Opening "QGD: exchange, positional line"]
[ECO "D35"]
[NIC "QO.16"]
[Time "11:02:31"]
[TimeControl "2700+10"]

1. d4 d5 2. c4 e6 3. Nc3 Nf6 4. cxd5 exd5 5. Bg5 Be7 6. e3 Bf5 7. Qb3 Nc6 8.
Bxf6 Bxf6 9. Nxd5 Rb8 10. Nxf6+ Qxf6 11. Bb5 Bd7 12. Nf3 a6 13. Bd3 Ne7 14.
O-O O-O 15. Qc2 Ng6 16. Qxc7 Bh3 17. Qg3 Bf5 18. Bxf5 Qxf5 19. Rac1 h5 20.
Rfd1 Rfc8 21. h3 Ra8 22. Qd6 Rc2 23. Qb6 Nh4 24. Qxb7 Rac8 25. Rxc2 Rxc2 26.
Qb8+ Kh7 27. Qg3 Ng6 28. Nh4 Nxh4 29. Qxh4 Rxb2 30. e4 Qb5 31. a4 Qxa4 32.
Qxh5+ Kg8 33. Rc1 Qe8 34. d5 g6 35. Qg4 a5 36. Rc8 Qxc8 37. Qxc8+ Kh7 38. d6
a4 39. d7 a3 40. d8=Q Kh6 41. Qh8+ Kg5 42. Qg4# {Black checkmated} 1-0

[Event "ICC tourney 1983 (45 10)"]
[Site "Internet Chess Club"]
[Date "2020.08.29"]
[Round "1"]
[White "ybabji"]
[Black "buckleyoh"]
[Result "1-0"]
[ICCResult "Black resigns"]
[WhiteElo "1725"]
[BlackElo "1404"]
[Opening "Giuoco Piano"]
[ECO "C54"]
[NIC "IG.02"]
[Time "11:02:31"]
[TimeControl "2700+10"]

1. e4 e5 2. Nf3 Nc6 3. Bc4 Bc5 4. c3 Nf6 5. d3 h6 6. Nbd2 d5 7. Bb3 O-O 8.
Qe2 Bg4 9. h3 Bh5 10. g4 Bg6 11. Bc2 d4 12. Nf1 dxc3 13. bxc3 Qe7 14. g5
hxg5 15. Bxg5 Bh5 16. Ng3 Bxf3 17. Qxf3 Qd8 18. Nh5 Be7 19. Nxg7 Nxe4 20.
dxe4 Bxg5 21. Rd1 Qf6 22. Qxf6 Bxf6 23. Nf5 Kh7 24. Rd7 Rac8 25. Bb3 Nb8 26.
Rxf7+ Rxf7 27. Bxf7 Rf8 28. Bb3 Nd7 29. h4 Nc5 30. Bc2 Rg8 31. Ke2 Rg4 32.
h5 Nxe4 33. Ng3 Rh4 34. Bxe4+ Kh6 35. Nf5+ {Black resigns} 1-0

[Event "ICC tourney 1983 (45 10)"]
[Site "Internet Chess Club"]
[Date "2020.08.29"]
[Round "1"]
[White "saanvit"]
[Black "DanielA1926"]
[Result "1-0"]
[ICCResult "Black checkmated"]
[WhiteElo "1741"]
[BlackElo "1491"]
[Opening "Sicilian defense"]
[ECO "B27"]
[NIC "SI.43"]
[Time "11:02:21"]
[TimeControl "2700+10"]

1. e4 c5 2. Nf3 d5 3. exd5 g5 4. Nxg5 e5 5. Bb5+ Bd7 6. Qh5 Qe7 7. d6 Qf6 8.
Bc4 Nh6 9. Ne4 Qg7 10. d3 Bg4 11. Qxh6 Qxh6 12. Bxh6 Bxh6 13. Nf6+ Kd8 14.
Nxg4 Bg7 15. Bxf7 Kd7 16. Nc3 Nc6 17. Ne4 b6 18. Ngf6+ Bxf6 19. Nxf6+ Kxd6
20. Bd5 Raf8 21. Bxc6 Kxc6 22. Ne4 Rhg8 23. g3 Kd5 24. Ke2 c4 25. Nc3+ Kc5
26. dxc4 Rg4 27. f3 Rxc4 28. Rad1 Rd4 29. Ne4+ Kd5 30. Rxd4+ exd4 31. Rd1
Rc8 32. c3 Ke5 33. Rxd4 h5 34. f4+ Ke6 35. Kf3 a5 36. Ng5+ Kf6 37. Rd6+ Ke7
38. Rxb6 a4 39. a3 h4 40. Re6+ Kd7 41. Re4 hxg3 42. hxg3 Rb8 43. Rb4 Re8 44.
Ne4 Kc7 45. Rxa4 Rb8 46. Rb4 Rd8 47. Nc5 Rd6 48. Rd4 Rb6 49. b4 Rh6 50. Kg2
Rg6 51. a4 Rh6 52. a5 Kb8 53. b5 Kc8 54. c4 Rh8 55. b6 Kb8 56. a6 Ka8 57.
Ne6 Rg8 58. Rd8+ Rxd8 59. Nxd8 Kb8 60. Nc6+ Ka8 61. b7# {Black checkmated}
1-0

[Event "ICC tourney 1983 (45 10)"]
[Site "Internet Chess Club"]
[Date "2020.08.29"]
[Round "1"]
[White "Ben1927829"]
[Black "kavyameiyappan"]
[Result "1-0"]
[ICCResult "Black checkmated"]
[WhiteElo "1925"]
[BlackElo "1638"]
[Opening "Sicilian: Najdorf, Lipnitzky attack"]
[ECO "B86"]
[NIC "SI.13"]
[Time "11:02:25"]
[TimeControl "2700+10"]

1. e4 c5 2. Nf3 d6 3. d4 cxd4 4. Nxd4 Nf6 5. Nc3 a6 6. Bc4 e6 7. O-O b5 8.
Bb3 Be7 9. Qf3 Qc7 10. Qg3 g6 11. f4 O-O 12. f5 e5 13. fxg6 hxg6 14. Qxg6+
Kh8 15. Qh6+ Nh7 16. Nf5 Bxf5 17. Rxf5 f6 18. Rh5 Bd8 19. Qxf8#
{Black checkmated}
1-0

[Event "ICC tourney 1983 (45 10)"]
[Site "Internet Chess Club"]
[Date "2020.08.29"]
[Round "1"]
[White "rpughiii"]
[Black "DLWarrior"]
[Result "0-1"]
[ICCResult "White resigns"]
[WhiteElo "1652"]
[BlackElo "1890"]
[Opening "French: exchange variation"]
[ECO "C01"]
[NIC "FR.01"]
[Time "11:03:17"]
[TimeControl "2700+10"]

1. e4 e6 2. d4 d5 3. exd5 exd5 4. c4 Bb4+ 5. Nc3 Ne7 6. cxd5 Nxd5 7. Bd2 O-O
8. Nf3 Nc6 9. Be2 Re8 10. O-O Bg4 11. Bg5 Qd7 12. Qd2 Nxc3 13. bxc3 Bxc3 14.
Qxc3 Rxe2 15. d5 Qxd5 16. Rfd1 Qf5 17. Qd3 Qxd3 18. Rxd3 Rae8 19. Re3 R2xe3
20. Bxe3 h6 21. Rb1 b6 22. Rc1 Bxf3 23. gxf3 Re6 24. f4 Kf8 25. Kg2 Ke7 26.
Kf3 Kd7 27. Kg4 Ne7 28. Bd4 c5 29. Be3 Nd5 30. Rd1 Kc6 31. Kf3 b5 32. Rc1
Nxe3 33. fxe3 c4 34. Rd1 Rd6 {White resigns} 0-1

[Event "ICC tourney 1983 (45 10)"]
[Site "Internet Chess Club"]
[Date "2020.08.29"]
[Round "1"]
[White "marinaxiao"]
[Black "Jonjons"]
[Result "0-1"]
[ICCResult "White resigns"]
[WhiteElo "1394"]
[BlackElo "1727"]
[Opening "Giuoco Piano"]
[ECO "C54"]
[NIC "IG.02"]
[Time "11:02:38"]
[TimeControl "2700+10"]

1. e4 e5 2. Nf3 Nc6 3. Bc4 Bc5 4. c3 Nf6 5. d3 d6 6. h3 a5 7. a4 Bb6 8. O-O
h6 9. Re1 O-O 10. Nbd2 Ne7 11. Nf1 c6 12. Bb3 Ng6 13. Ng3 Re8 14. Bd2 d5 15.
Qe2 Bd7 16. Rad1 Nf4 17. Bxf4 exf4 18. Nf1 dxe4 19. dxe4 Rxe4 20. Qd2 Bf5
21. Qxd8+ Rxd8 22. Rxd8+ Bxd8 23. Rxe4 Nxe4 24. Ne5 Nd6 25. Nd2 Kf8 26. Ndf3
f6 27. Nc4 Nxc4 28. Bxc4 Ke7 29. Nd4 Bd7 30. Kf1 Kd6 31. b4 c5 32. bxc5+
Kxc5 33. Bb3 f5 34. Be6 Bxa4 35. Bd7 Bxd7 36. Ke1 {White resigns} 0-1

[Event "ICC tourney 1983 (45 10)"]
[Site "Internet Chess Club"]
[Date "2020.08.29"]
[Round "1"]
[White "EsatERGIN"]
[Black "AJ2000"]
[Result "1-0"]
[ICCResult "Black resigns"]
[WhiteElo "2001"]
[BlackElo "1708"]
[Opening "Giuoco Piano"]
[ECO "C44"]
[NIC "SO.06"]
[Time "11:02:38"]
[TimeControl "2700+10"]

1. e4 e5 2. Nf3 Nc6 3. d4 exd4 4. Bc4 Bc5 5. c3 Nf6 6. e5 d5 7. Bb5 Ne4 8.
cxd4 Bb6 9. O-O O-O 10. Nc3 Nxc3 11. bxc3 Bf5 12. Bg5 Qd7 13. Nh4 Bg6 14.
Rc1 a6 15. Nxg6 hxg6 16. Bd3 Nd8 17. h4 Ne6 18. Be3 Rad8 19. f4 c5 20. Bc2
c4 21. h5 gxh5 22. Qxh5 g6 23. Qh6 Ng7 24. f5 Bc7 25. f6 Ne6 26. Bxg6 fxg6
27. Qxg6+ Kh8 28. f7 {Black resigns} 1-0

[Event "ICC tourney 1983 (45 10)"]
[Site "Internet Chess Club"]
[Date "2020.08.29"]
[Round "1"]
[White "JGroder"]
[Black "TigerSahi"]
[Result "1/2-1/2"]
[ICCResult "Game drawn by mutual agreement"]
[WhiteElo "1756"]
[BlackElo "1591"]
[Opening "Ruy Lopez: Morphy defense"]
[ECO "C77"]
[NIC "RL.12"]
[Time "11:02:31"]
[TimeControl "2700+10"]

1. e4 e5 2. Nf3 Nc6 3. Bb5 a6 4. Ba4 Nf6 5. c3 Be7 6. Bc2 O-O 7. O-O d6 8.
h3 Be6 9. Re1 Re8 10. Ng5 Bd7 11. d4 h6 12. Nf3 Nh7 13. dxe5 dxe5 14. Qe2
Ng5 15. Nxg5 Bxg5 16. Nd2 Qf6 17. Qf3 Qxf3 18. Nxf3 Bxc1 19. Raxc1 Rad8 20.
Rcd1 Be6 21. b3 f6 22. Nd2 Kf7 23. Nf1 Rd6 24. Ne3 Red8 25. f3 Rd2 26. Kf1
Rxd1 27. Rxd1 Rxd1+ 28. Bxd1 Ke7 29. a3 Na5 30. b4 Nc4 31. Nxc4 Bxc4+ 32.
Be2 Be6 33. Kf2 Kd6 34. Ke3 Kc6 35. Bd3 b5 36. Kf2 Kb6 37. g4 a5 38. Be2 c5
39. Bf1 cxb4 40. cxb4 Bc4 41. Be2 axb4 42. axb4 Kc6 43. Bd1 g5 44. Kg3 Bd3
45. h4 Bc4 46. h5 Kb6 47. Kf2 {Game drawn by mutual agreement} 1/2-1/2

[Event "ICC tourney 1983 (45 10)"]
[Site "Internet Chess Club"]
[Date "2020.08.29"]
[Round "1"]
[White "chessmilano"]
[Black "chessboy2020"]
[Result "1/2-1/2"]
[ICCResult "Game drawn by mutual agreement"]
[WhiteElo "1710"]
[BlackElo "1547"]
[Opening "Queen's pawn: London system"]
[ECO "A45"]
[NIC "QP.07"]
[Time "11:02:32"]
[TimeControl "2700+10"]

1. d4 Nf6 2. Bf4 g6 3. Nc3 Bg7 4. e4 d6 5. Qd2 Nbd7 6. Nf3 O-O 7. O-O-O c5
8. Bh6 cxd4 9. Nxd4 a6 10. Be2 Qc7 11. h4 Ne5 12. h5 Bd7 13. hxg6 fxg6 14.
Bxg7 Kxg7 15. Qh6+ Kf7 16. Nd5 Nxd5 17. Qxh7+ Ke8 18. exd5 Rc8 19. Bd3 Nxd3+
20. Rxd3 Bf5 21. Rc3 Qd7 22. Rxc8+ Qxc8 23. Re1 Rf7 24. Qg8+ Rf8 25. Nxf5
Qxf5 26. Qe6 Qxe6 27. Rxe6 Rxf2 28. Rxg6 Rf5 29. c4 Rf4 30. b3 Rf2 31. Kb1
Kf7 32. Rg3 a5 33. Rf3+ Rxf3 34. gxf3 Kf6 35. Kc2 Ke5 36. Kd3 Kf4 37. Ke2 b6
38. a4 Kf5 39. Ke3 Ke5 40. f4+ Kf5 41. Kf3 Kf6 42. Kg4 Kg6 43. f5+ Kf6 44.
Kf4 Kf7 45. Kg5 Kg7 46. Kf4 Kf6 47. Kg4 Kf7 48. Kg5 Kg7 49. Kh5 Kh7 50. Kg5
Kg7 51. Kh4 Kf6 52. Kg4 Kf7 {Game drawn by mutual agreement} 1/2-1/2

[Event "ICC tourney 1983 (45 10)"]
[Site "Internet Chess Club"]
[Date "2020.08.29"]
[Round "1"]
[White "pawnpush202044"]
[Black "Mapking1"]
[Result "1-0"]
[ICCResult "Black checkmated"]
[WhiteElo "1872"]
[BlackElo "1612"]
[Opening "English: symmetrical variation"]
[ECO "A37"]
[NIC "EO.28"]
[Time "11:02:22"]
[TimeControl "2700+10"]

1. c4 c5 2. Nc3 Nc6 3. g3 g6 4. Bg2 Bg7 5. Nf3 e6 6. e3 Nge7 7. O-O O-O 8.
d4 cxd4 9. exd4 d5 10. cxd5 Nxd5 11. Re1 Qb6 12. Ne5 Qxd4 13. Nxd5 exd5 14.
Nf3 Qxd1 15. Rxd1 d4 16. Bf4 Rd8 17. b3 d3 18. Rac1 Bg4 19. h3 Bxf3 20. Bxf3
Rac8 21. Be4 Nb4 22. a3 Rxc1 23. Bxc1 Nc2 24. Rxd3 Re8 25. Kh2 Nd4 26. Bxb7
Rb8 27. Bd5 Nb5 28. Rf3 Nd6 29. Bf4 Rd8 30. Bxd6 Rxd6 31. Bxf7+ Kh8 32. Bc4
a6 33. Rf7 Bb2 34. a4 Rf6 35. Rxf6 Bxf6 36. Bxa6 Bd4 37. Kg2 Kg7 38. b4 Kf6
39. f4 Ke6 40. Bc4+ Kd6 41. Kf3 Bc3 42. b5 Ba5 43. Bg8 h6 44. Bh7 g5 45.
fxg5 hxg5 46. Kg4 Bd8 47. h4 gxh4 48. gxh4 Kc5 49. h5 Kd6 50. Kf5 Ke7 51.
Ke5 Kf7 52. Bg6+ Ke7 53. h6 Kf8 54. h7 Kg7 55. Be4 Ba5 56. Kd5 Bd8 57. Kc6
Ba5 58. b6 Bc3 59. Kc7 Be5+ 60. Kc8 Bh2 61. b7 Kf6 62. h8=Q+ Ke6 63. Qxh2
Kf6 64. Kd7 Kg5 65. Qg3+ Kf6 66. Qf4+ Kg7 67. Qg5+ Kf7 68. Qg6+ Kf8 69.
b8=Q# {Black checkmated} 1-0

[Event "ICC tourney 1983 (45 10)"]
[Site "Internet Chess Club"]
[Date "2020.08.29"]
[Round "1"]
[White "CoastalJourney"]
[Black "omegablitz"]
[Result "1-0"]
[ICCResult "Black resigns"]
[WhiteElo "1531"]
[BlackElo "1707"]
[Opening "QGD: 6.Nf3"]
[ECO "D55"]
[NIC "QO.13"]
[Time "11:02:36"]
[TimeControl "2700+10"]

1. d4 d5 2. c4 e6 3. Nc3 Nf6 4. Bg5 Be7 5. Nf3 O-O 6. e3 b6 7. Be2 h6 8. Bh4
Bb7 9. O-O c5 10. cxd5 Nxd5 11. Bxe7 Qxe7 12. Nxd5 exd5 13. dxc5 bxc5 14.
Rc1 Nd7 15. Qc2 Rac8 16. Qd2 Nf6 17. Rfe1 Ne4 18. Qd1 Rfd8 19. Bd3 Qf6 20.
Qe2 Nd6 21. Rcd1 Re8 22. Ba6 d4 23. Bxb7 Nxb7 24. e4 Qb6 25. Qd2 Nd8 26. Nh4
Ne6 27. Nf5 Nf8 28. e5 Rb8 29. b3 Ng6 30. f4 a5 31. Nd6 Re7 32. Nc4 Qb4 33.
Nxa5 Qb5 34. Nc4 Ra7 35. f5 Nf8 36. f6 Rba8 37. Nd6 Qc6 38. fxg7 Kxg7 39.
Nf5+ Kh7 40. e6 Nxe6 41. Qxh6+ Kg8 42. Ne7+ {Black resigns} 1-0

[Event "ICC tourney 1983 (45 10)"]
[Site "Internet Chess Club"]
[Date "2020.08.29"]
[Round "1"]
[White "gardemarin13"]
[Black "imranchamp"]
[Result "1/2-1/2"]
[ICCResult "Game drawn by mutual agreement"]
[WhiteElo "1919"]
[BlackElo "1673"]
[Opening "Sicilian: closed"]
[ECO "B23"]
[NIC "SI.44"]
[Time "11:02:26"]
[TimeControl "2700+10"]

1. e4 c5 2. Nc3 b6 3. f4 Bb7 4. Nf3 e6 5. g3 a6 6. d3 Qc7 7. Bg2 Be7 8. O-O
Nf6 9. h3 d6 10. g4 Nc6 11. Ne2 O-O 12. Ng3 Rad8 13. g5 Nd7 14. f5 d5 15.
Qe1 Bd6 16. Nh5 dxe4 17. dxe4 exf5 18. Qc3 Nce5 19. exf5 g6 20. Nxe5 Bxe5
21. Bf4 Bxc3 22. Bxc7 Bd4+ 23. Kh2 Bxg2 24. Kxg2 Rc8 25. Bd6 Rfe8 26. c3
gxh5 27. cxd4 Rc6 28. dxc5 Nxc5 29. Bxc5 Rxc5 30. Rf2 Ree5 31. Raf1
{Game drawn by mutual agreement}
1/2-1/2

[Event "ICC tourney 1983 (45 10)"]
[Site "Internet Chess Club"]
[Date "2020.08.29"]
[Round "1"]
[White "che8642"]
[Black "rkanury1"]
[Result "0-1"]
[ICCResult "White checkmated"]
[WhiteElo "1464"]
[BlackElo "1725"]
[Opening "Queen's pawn: Chigorin variation"]
[ECO "D00"]
[NIC "QP.08"]
[Time "11:02:37"]
[TimeControl "2700+10"]

1. d4 d5 2. Nc3 Nf6 3. Bf4 c6 4. e3 Nbd7 5. Nf3 g6 6. Be2 Bg7 7. O-O O-O 8.
Ne5 Nb6 9. b3 Be6 10. Qd2 Nfd7 11. Nxd7 Qxd7 12. Rfd1 f5 13. a4 a5 14. h3
Bf7 15. Na2 Nc8 16. Nc1 Nd6 17. Nd3 Ne4 18. Qe1 c5 19. Ne5 Qc8 20. Rac1 cxd4
21. exd4 Qc3 22. Bb5 Be8 23. Bxe8 Rfxe8 24. Qxc3 Nxc3 25. Re1 Rac8 26. Re3
Bf6 27. Rce1 g5 28. Nd7 Bxd4 29. Rg3 Ne4 30. Rxe4 fxe4 31. Rxg5+ Kh8 32.
Rxd5 Bg7 33. c4 Red8 34. Bd2 e6 35. Rd6 Rc6 36. Rxc6 bxc6 37. Bxa5 Rxd7 38.
b4 Be5 39. Kf1 Bc3 40. Ke2 Rd4 41. c5 Bxb4 42. Bc7 Rc4 43. Bd6 Bxc5 44. Be5+
Kg8 45. a5 Ra4 46. Bc7 Bb4 47. Ke3 Bxa5 48. Bxa5 Rxa5 49. Kxe4 Rd5 50. f4 c5
51. g4 c4 52. f5 Kf7 53. fxe6+ Kxe6 54. h4 c3 55. g5 c2 56. g6 c1=Q 57. gxh7
Qe1+ 58. Kf3 Rf5+ 59. Kg4 Qe4+ 60. Kg3 Qf3+ 61. Kh2 Qf2+ 62. Kh3 Rf3+ 63.
Kg4 Qg2+ 64. Kh5 Rf5+ 65. Kh6 Rf6+ 66. Kh5 Qg6# {White checkmated} 0-1

[Event "ICC tourney 1983 (45 10)"]
[Site "Internet Chess Club"]
[Date "2020.08.29"]
[Round "1"]
[White "GreatAlexanderK"]
[Black "erumaimadugod"]
[Result "0-1"]
[ICCResult "White resigns"]
[WhiteElo "1576"]
[BlackElo "1788"]
[Opening "Giuoco Pianissimo: Canal variation"]
[ECO "C50"]
[NIC "IG.02"]
[Time "11:02:40"]
[TimeControl "2700+10"]

1. e4 e5 2. Nf3 Nc6 3. Bc4 Bc5 4. d3 Nf6 5. Nc3 d6 6. Bg5 Be6 7. Bxe6 fxe6
8. O-O O-O 9. Qd2 d5 10. exd5 exd5 11. Rfe1 Qd6 12. Nb5 Qd7 13. a4 a6 14.
Nc3 Rae8 15. Re2 e4 16. dxe4 d4 17. Na2 Nxe4 18. Qd3 Qd5 19. Bh4 Nd6 20. Nc3
Qh5 21. Ne4 Rxe4 22. Rxe4 Nxe4 23. Qxe4 Re8 24. Qd3 Nb4 25. Qc4+ Qd5 26.
Qxd5+ Nxd5 27. Kf1 Nb4 28. Bg3 Nxc2 29. Rc1 d3 30. Bxc7 Re2 31. Bg3 h6 32.
Rd1 Nb4 33. Rd2 Rxd2 34. Nxd2 Bd4 35. b3 b5 36. f3 Nd5 37. Bf2 Bxf2 38. Kxf2
Kf7 39. Ne4 bxa4 40. bxa4 Ke6 41. Nc5+ Ke5 42. Nxd3+ Kd4 43. Ke2 Nc3+ 44.
Kd2 Nxa4 45. Nb4 Nc5 46. g4 Ke5 47. Ke3 g5 48. h3 Kd6 49. f4 a5 50. Na2 Kd5
51. f5 Ne4 52. Nc1 a4 53. Nd3 a3 54. Nb4+ Ke5 55. Na2 h5 56. gxh5 Kxf5 57.
Kf3 Nf6 58. h6 Kg6 59. Kg3 Kxh6 60. h4 g4 61. Nb4 Kg6 62. Kf2 Ne4+ 63. Ke3
g3 64. Kf3 Kh5 65. Kg2 Kxh4 66. Na2 Nf6 67. Nc3 Ng4 68. Na2 Ne3+ 69. Kh1 Kh3
70. Nc1 Nc2 71. Na2 g2+ 72. Kg1 Ne1 73. Nc1 Nf3+ 74. Kf2 g1=Q+ {White
resigns} 0-1

[Event "ICC tourney 1983 (45 10)"]
[Site "Internet Chess Club"]
[Date "2020.08.29"]
[Round "1"]
[White "OctopusYule"]
[Black "goodcrowdchess"]
[Result "1-0"]
[ICCResult "Black checkmated"]
[WhiteElo "1837"]
[BlackElo "1600"]
[Opening "Ruy Lopez: closed, Chigorin, 12...c5d4"]
[ECO "C99"]
[NIC "RL.24"]
[Time "11:02:32"]
[TimeControl "2700+10"]

1. e4 e5 2. Nf3 Nc6 3. Bb5 a6 4. Ba4 Nf6 5. O-O Be7 6. Re1 b5 7. Bb3 d6 8.
c3 O-O 9. h3 Na5 10. Bc2 c5 11. d4 Qc7 12. Nbd2 cxd4 13. cxd4 Bd7 14. d5
Rfc8 15. Bd3 Nb7 16. Nf1 Nc5 17. Ng3 Nxd3 18. Qxd3 a5 19. Bg5 h6 20. Rac1
Qb7 21. Be3 b4 22. Qd2 a4 23. Rxc8+ Rxc8 24. Rc1 b3 25. axb3 axb3 26. Rxc8+
Qxc8 27. Qc1 Qxc1+ 28. Bxc1 Bd8 29. Nd2 Ba4 30. f3 Nd7 31. Ne2 Nc5 32. Nc3
Bd7 33. Nc4 Bc7 34. Kf1 Bc8 35. Nb5 Bb8 36. Ke1 Ba6 37. Nbxd6 Nd3+ 38. Kd1
Nxc1 39. Kxc1 Kf8 40. Kd2 Ke7 41. Nf5+ Kd7 42. Kc3 g6 43. Nxh6 Bc7 44. Ng4
Ke7 45. Ngxe5 Bxe5+ 46. Nxe5 Bf1 47. g3 Bxh3 48. Kxb3 Bg2 49. Kc4 g5 50. Kd3
f6 51. Nc6+ Kd7 52. Ke3 Bf1 53. f4 gxf4+ 54. gxf4 Kd6 55. Kd4 Bg2 56. e5+
fxe5+ 57. fxe5+ Kd7 58. b4 Bf1 59. Na5 Bb5 60. Nb3 Ke7 61. Nc5 Kd8 62. d6
Kc8 63. Kd5 Be8 64. d7+ Bxd7 65. Nxd7 Kxd7 66. b5 Kc7 67. e6 Kd8 68. Kd6 Kc8
69. e7 Kb7 70. e8=Q Kb6 71. Qc6+ Ka5 72. b6 Ka6 73. b7+ Ka7 74. Qc8 Ka6 75.
b8=Q+ Ka5 76. Qc5+ Ka6 77. Qbb6# {Black checkmated} 1-0

[Event "ICC tourney 1983 (45 10)"]
[Site "Internet Chess Club"]
[Date "2020.08.29"]
[Round "1"]
[White "MysteryHunter"]
[Black "sanjayselvam"]
[Result "0-1"]
[ICCResult "White checkmated"]
[WhiteElo "1674"]
[BlackElo "1937"]
[Opening "Alekhine's defense: exchange variation"]
[ECO "B03"]
[NIC "AL.08"]
[Time "11:02:59"]
[TimeControl "2700+10"]

1. e4 Nf6 2. e5 Nd5 3. d4 d6 4. c4 Nb6 5. exd6 cxd6 6. Nc3 g6 7. Nf3 Bg7 8.
Be2 O-O 9. O-O Bg4 10. h3 Bxf3 11. Bxf3 Nc6 12. Bxc6 bxc6 13. Qd3 d5 14. c5
Nd7 15. f4 Nf6 16. f5 Ne4 17. fxg6 hxg6 18. Bf4 Re8 19. Rae1 e5 20. Be3 Ng3
21. Qd2 Nxf1 22. Rxf1 Qh4 23. Bf2 Qh5 24. Qd3 e4 25. Qd2 Bh6 26. Be3 Bxe3+
27. Qxe3 Rab8 28. b3 Rb7 29. Re1 Rbe7 30. Rf1 Kg7 31. Ne2 Qh6 32. Qxh6+ Kxh6
33. Rf6 Rc7 34. Kf1 Re6 35. Rxe6 fxe6 36. Kf2 Rf7+ 37. Ke3 g5 38. Ng3 Kg6
39. Ke2 g4 40. h4 Rh7 41. Ke3 Rxh4 42. Kf4 Rh2 43. Nf1 Rxg2 44. Ne3 Rf2+ 45.
Kxg4 e5 46. Kh4 exd4 47. Ng4 Rf4 48. Kg3 Rxg4+ 49. Kxg4 d3 50. Kf4 d2 51.
Ke5 d1=Q 52. Kd6 e3 53. Kxc6 e2 54. Kb7 e1=Q 55. c6 Qc2 56. c7 Qe7 57. Ka6
Qexc7 58. b4 Q2c6# {White checkmated} 0-1

[Event "ICC tourney 1983 (45 10)"]
[Site "Internet Chess Club"]
[Date "2020.08.29"]
[Round "1"]
[White "swegderp"]
[Black "chesslin"]
[Result "0-1"]
[ICCResult "White resigns"]
[WhiteElo "1685"]
[BlackElo "1952"]
[Opening "King's Indian: 6.Be2"]
[ECO "E91"]
[NIC "KI.19"]
[Time "11:02:39"]
[TimeControl "2700+10"]

1. d4 g6 2. c4 Bg7 3. Nc3 d6 4. e4 Nf6 5. Nf3 O-O 6. Be2 c5 7. d5 e6 8. Bg5
h6 9. Bh4 Na6 10. O-O Nc7 11. Qc2 exd5 12. exd5 Bf5 13. Bd3 Bxd3 14. Qxd3
Qd7 15. h3 a6 16. a4 b6 17. Rfe1 Rfe8 18. Rab1 Nh5 19. Bg3 Nxg3 20. fxg3 f5
21. b3 Qf7 22. h4 Rad8 23. Ne2 Re4 24. Nf4 Rde8 25. Qd2 a5 26. Rbc1 Bf6 27.
Rcd1 Kg7 28. Kf1 g5 29. hxg5 hxg5 30. Ne6+ Nxe6 31. dxe6 R8xe6 32. Rxe4 fxe4
33. Nh2 Bc3+ 34. Qf2 Rf6 {White resigns} 0-1

[Event "ICC tourney 1983 (45 10)"]
[Site "Internet Chess Club"]
[Date "2020.08.29"]
[Round "1"]
[White "lmperfectFocus"]
[Black "WR3311"]
[Result "0-1"]
[ICCResult "White resigns"]
[WhiteElo "1608"]
[BlackElo "1858"]
[Opening "Sicilian: Alapin's variation (2.c3)"]
[ECO "B22"]
[NIC "SI.46"]
[Time "11:02:28"]
[TimeControl "2700+10"]

1. e4 c5 2. c3 d5 3. exd5 Qxd5 4. d4 Nc6 5. Nf3 Bg4 6. Be2 e6 7. h3 Bf5 8.
Be3 cxd4 9. cxd4 Nf6 10. O-O Be7 11. Nc3 Qa5 12. Nd2 O-O 13. Nc4 Qc7 14. Bf3
Rad8 15. Qd2 Nb4 16. Ne5 Nbd5 17. Rac1 Qb6 18. Rfd1 Bb4 19. Bg5 Nxc3 20.
bxc3 Ba3 21. Rb1 Bxb1 22. Nc4 Qc7 23. Bxf6 gxf6 24. Rxb1 Qxc4 25. Be4 Kg7
26. Qf4 Rd5 27. Qg4+ Rg5 28. Qh4 Rh8 29. f4 Rg6 30. Rxb7 f5 31. Qe7 Bxe7
{White resigns}
0-1

[Event "ICC tourney 1983 (45 10)"]
[Site "Internet Chess Club"]
[Date "2020.08.29"]
[Round "1"]
[White "fhunfi"]
[Black "Niteshc"]
[Result "0-1"]
[ICCResult "White resigns"]
[WhiteElo "1727"]
[BlackElo "1598"]
[Opening "Caro-Kann defense"]
[ECO "B10"]
[NIC "CK.01"]
[Time "11:02:39"]
[TimeControl "2700+10"]

1. e4 c6 2. f4 d5 3. Nc3 dxe4 4. Nxe4 Nf6 5. Nf2 e6 6. Nf3 Bd6 7. Nd3 Nd5 8.
g3 Nd7 9. Bg2 Nc5 10. Nxc5 Bxc5 11. d4 Bb4+ 12. c3 Nxc3 13. bxc3 Bxc3+ 14.
Bd2 Bxa1 15. Qxa1 f6 16. O-O O-O 17. Kh1 Bd7 18. a4 Be8 19. a5 Bg6 20. Re1
Re8 21. Bc3 Rc8 22. Qa3 Qc7 23. Bb4 b6 24. Rc1 Be4 25. Nd2 Bxg2+ 26. Kxg2
Qd7 27. Qc3 c5 28. dxc5 bxc5 29. Ba3 Qd4 30. Nb3 Qe4+ 31. Qf3 Qxf3+ 32. Kxf3
c4 33. Nc5 Red8 34. Ke3 c3 35. Rxc3 Rd1 36. Rd3 Rxd3+ 37. Kxd3 Kf7 38. a6
Rd8+ 39. Ke3 Rd1 40. Ne4 Ra1 41. Nd6+ Ke7 42. Nb5+ Kd7 43. Kd4 Kc6 44. Kc4
Kb6 45. Bc5+ Kxa6 46. Nc7+ Kb7 47. Nxe6 Kc6 48. Bf8 Rc1+ 49. Kb3 g6 50. Bg7
Kd5 51. Nf8 Rc7 52. Bxf6 Rf7 53. Nxh7 Rxh7 54. Bh4 Rxh4 55. gxh4 Ke4
{White resigns}
0-1

[Event "ICC tourney 1983 (45 10)"]
[Site "Internet Chess Club"]
[Date "2020.08.29"]
[Round "1"]
[White "che2468"]
[Black "Ryan123455"]
[Result "0-1"]
[ICCResult "White checkmated"]
[WhiteElo "1492"]
[BlackElo "1755"]
[Opening "Pirc: Byrne variation"]
[ECO "B07"]
[NIC "PU.09"]
[Time "11:02:28"]
[TimeControl "2700+10"]

1. d4 Nf6 2. Nc3 g6 3. e4 d6 4. Bg5 Bg7 5. Nf3 h6 6. Bf4 O-O 7. Bd3 Nbd7 8.
Qd2 Kh7 9. O-O-O c6 10. h4 b5 11. e5 dxe5 12. dxe5 Nh5 13. g4 Nxf4 14. Qxf4
Qc7 15. h5 Nxe5 16. Kb1 Qb8 17. hxg6+ fxg6 18. Rxh6+ Bxh6 19. Qxe5 Bxg4 20.
Qxe7+ Kg8 21. Bxg6 Bg7 22. Rh1 Qd8 23. Qe4 Bc8 24. Nh4 Qf6 25. Qe2 Qg5 26.
Ne4 Qe5 27. c3 Qf4 28. Qh5 Qh6 29. Ng5 Qxh5 30. Bxh5 Bf6 31. Rg1 Bxg5 32.
Rxg5+ Kh7 33. Bg6+ Kh6 34. Rh5+ Kg7 35. Rh7+ Kf6 36. Rh5 Bg4 37. Rg5 Kxg5
38. Be4 Kxh4 39. Bxc6 Rad8 40. Kc2 Rxf2+ 41. Kb3 a5 42. Bxb5 Bd1+ 43. Ka3
Rb8 44. c4 Rd8 45. Ba4 Bxa4 46. Kxa4 Rxb2 47. a3 Rc8 48. c5 Rc7 49. Kxa5
Ra7# {White checkmated} 0-1